 Dungeon Crawl Stone Soup version 0.23.2-33-g5129a83184 (webtiles) character file.

Game seed: 17084586894075669504

37 Kold the Insei (level 3, 0/23 HPs)
             Began as an Octopode Transmuter on July 23, 2019.
             Slain by a jackal (1 damage)
             ... on level 2 of the Dungeon.
             The game lasted 00:01:32 (1328 turns).

Kold the Insei (Octopode Transmuter)                Turns: 1328, Time: 00:01:32

Health: 0/23       AC:  1    Str: 10    XL:     3   Next: 39%
Magic:  6/6        EV: 13    Int: 15    God:
Gold:   29         SH:  0    Dex: 12    Spells: 5/6 levels left

rFire    . . .     SeeInvis .     - Unarmed
rCold    . . .     Gourm    .   (no shield)
rNeg     . . .     Faith    .   (helmet restricted)
rPois    .         Spirit   .   (no amulet)
rElec    .         Reflect  .   (no ring)
rCorr    .         Harm     .   (no ring)
MR       .....                  (no ring)
Stlth    ++........             (no ring)
HPRegen  0.07/turn              (no ring)
MPRegen  0.10/turn              (no ring)
                                (no ring)
                                (no ring)

@: no status effects
A: almost no armour, stealthy swim, amphibious, 8 rings, constrict 8, camouflage
1, gelatinous body 1
a: no special abilities


You were on level 2 of the Dungeon.
You were hungry.

You visited 1 branch of the dungeon, and saw 2 of its levels.

You collected 29 gold pieces.

Inventory:

Missiles
 a - 32 arrows
Scrolls
 b - 2 scrolls of teleportation {unknown}
 d - a scroll of magic mapping {unknown}
 f - a scroll of immolation {unknown}
 i - a scroll of blinking {unknown}
 j - 3 scrolls of identify {unknown}
Potions
 e - a potion of resistance {unknown}
 g - a potion of ambrosia {unknown}
 h - a potion of mutation {unknown}
Comestibles
 c - a ration


   Skills:
 + Level 1.1 Fighting
 + Level 2.3 Dodging
 + Level 0.6 Stealth
 + Level 3.3 Unarmed Combat
 + Level 2.3 Spellcasting
 + Level 2.5 Transmutations


You had 5 spell levels left.
You knew the following spells:

 Your Spells              Type           Power        Failure   Level  Hunger
a - Beastly Appendage     Tmut           #.....       8%          1    #......

Your spell library contained the following spells:

 Spells                   Type           Power        Failure   Level  Hunger
 Sticks to Snakes         Tmut           #.......     12%         2    ###....
 Spider Form              Tmut/Pois      #.........   36%         3    ###....
 Ice Form                 Ice/Tmut       #.......     77%         4    #####..
 Blade Hands              Tmut           #.........   91%         5    ######.


Dungeon Overview and Level Annotations

Branches:
Dungeon (2/15)

Altars:


Innate Abilities, Weirdness & Mutations

You cannot wear most types of armour.
You are very stealthy in the water. (Stealth+)
You are amphibious.
You can wear up to eight rings at the same time.
You can use your tentacles to constrict eight enemies at once.
Your skin changes colour to match your surroundings (Stealth+).
Your rubbery body absorbs attacks. (AC +1, EV +1)


Message History

The jackal closely misses you.
You tentacle-slap the jackal.
You kill the jackal!
You constrict the jackal, but do no damage.
The jackal bites you.
* * * LOW HITPOINT WARNING * * *
You tentacle-slap the jackal but do no damage.
You constrict the jackal, but do no damage.
The jackal bites you.
* * * LOW HITPOINT WARNING * * *
You tentacle-slap the jackal.
You pierce the jackal.
The jackal is almost dead.
You constrict the jackal.
You kill the jackal!
Your tentacle spike disappears.
You closely miss the jackal. Your grab misses the jackal.
Your squeeze misses the jackal. The jackal bites you.
* * * LOW HITPOINT WARNING * * *
You closely miss the jackal. Your grab misses the jackal. The jackal bites you.
You die...

####### #.....#
#########
#.....###........
#.....##.........
#.....#..........
#....)#..........
#...s††..........
#.<@h....%.......
#.....#..........
#####)##.........
#.###........ #.#
##.##.... #..
....... ##.
##...$. .# .....
.. #.


You could see a jackal and a giant cockroach.

Vanquished Creatures
  A worm (D:2)
  A ball python (D:1)
  3 bats
  3 goblins (D:1)
  4 hobgoblins
  8 jackals
  2 frilled lizards
  2 kobolds
  8 rats (D:1)
32 creatures vanquished.

Notes
Turn   | Place    | Note
-------+----------+-------------------------------------------
     0 | D:1      | Kold the Octopode Transmuter began the quest for the Orb.
     0 | D:1      | Reached XP level 1. HP: 13/13 MP: 3/3
   526 | D:1      | Reached XP level 2. HP: 18/18 MP: 3/5
  1017 | D:1      | Reached XP level 3. HP: 23/23 MP: 4/6
  1323 | D:2      | HP: 1/23 [jackal (2)]
  1328 | D:2      | Slain by a jackal

Action                   || total
-------------------------++-------
Melee: Unarmed           ||    73
       Constrict         ||    16
       Kick              ||    12
       Tentacles         ||     6
 Cast: Beastly Appendage ||    15
 Stab: Sleeping          ||     5
  Eat: Chunk             ||     1
Armor: Skin              ||     6
Dodge: Dodged            ||    52
